 Dungeon Crawl Stone Soup version 0.17-a0-1769-g54adf96 (webtiles) character file.

41 wvc the Ducker (level 3, -5/26 HPs)
             Began as a Human Wanderer on Sept 7, 2015.
             Slain by a gnoll
             ... wielding a +0 spear
              (9 damage)
             ... on level 2 of the Dungeon.
             The game lasted 00:03:26 (1547 turns).

wvc the Ducker (Human Wanderer)                     Turns: 1547, Time: 00:03:27

Health: -5/26      AC:  5    Str:  9    XL:     3   Next: 75%
Magic:  3/3        EV: 12    Int: 15    God:
Gold:   27         SH:  0    Dex: 13    Spells: 0 memorised, 2 levels left

rFire  . . .     SeeInvis .     h - +0 mace
rCold  . . .     Clarity  .     a - +2 leather armour
rNeg   . . .     SustAt   .     (no shield)
rPois  .         Gourm    .     (no helmet)
rElec  .         Spirit   .     (no cloak)
rCorr  .         Warding  .     (no gloves)
rMut   .         Stasis   .     (no boots)
MR     .....                    (no amulet)
Stlth  +.........               (no ring)
                                l - ring of loudness (curse)

@: not resistant to hostile enchantments, very unstealthy
A: no striking features
a: no special abilities


You were on level 2 of the Dungeon.
You were not hungry.

You visited 1 branch of the dungeon, and saw 2 of its levels.

You collected 27 gold pieces.

Inventory:

Hand weapons
 g - a +1 rapier
 h - a +0 mace (weapon)
Missiles
 d - 11 poisoned needles
Armour
 a - a +2 leather armour (worn)
Jewellery
 l - a cursed ring of loudness (left hand)
Scrolls
 j - a scroll of amnesia {unknown}
 k - a scroll of identify
Potions
 f - a potion of resistance
 i - a potion of lignification {unknown}
Books
 b - the Grimoire of Darkness

   Spells                             Type                      Level
   a - Animate Skeleton               Necromancy                   1
   b - Vampiric Draining              Necromancy                   3
 c - the Guide on Poisoning

   Spells                             Type                      Level
   a - Sting                          Conjuration/Poison           1
   b - Cure Poison                    Poison                       2
Comestibles
 e - 3 bread rations


   Skills:
 + Level 1.6 Fighting
 * Level 1.1 Maces & Flails
   Level 1.0 Polearms
 + Level 0.8 Armour
 - Level 3.0 Dodging
 - Level 2.0 Stealth
   Level 1.0 Air Magic
   Level 2.0 Poison Magic
   Level 1.0 Evocations


You had 2 spell levels left.
You didn't know any spells.

Dungeon Overview and Level Annotations

Branches:
Dungeon (2/15)

Altars:
Sif Muna


Message History

You hit the gnoll.
The gnoll is moderately wounded.
The gnoll hits you but does no damage. The gnoll closely misses you.
The gnoll hits you with a club.
* * * LOW HITPOINT WARNING * * *
You are too injured to fight recklessly!
You are too injured to fight recklessly!
A hobgoblin comes into view.
The hobgoblin shouts!
You see here a worm corpse.
A bat comes into view.
The bat closely misses you.
Your leather armour prevents you from hitting the bat.
The bat barely misses you. The bat hits you but does no damage.
The bat closely misses you. The bat hits you.
* * * LOW HITPOINT WARNING * * *
You hit the bat.
You kill the bat!
The gnoll hits you from afar with a spear!
You die...

####g.###.#
####..# #.# #.#
......# #.# #.#
####.g###.## #.#
......g....# #.#
####..###g.# #.#
..gg..# #.g# #.#
.###.## #..# #.#
####.####..#####@#
..........ggggg..#
..###..###.#######
..#≈#......#
..###..#####
......## .######
.# .#


You could see 3 gnolls, a hobgoblin and a goblin.

Vanquished Creatures
  An ooze (D:1)
  2 worms (D:2)
  4 giant cockroaches (D:1)
  6 goblins
  2 hobgoblins (D:1)
  6 kobolds
  5 bats
  4 giant newts
  2 rats (D:1)
32 creatures vanquished.

Notes
Turn   | Place    | Note
--------------------------------------------------------------
     0 | D:1      | wvc the Human Wanderer began the quest for the Orb.
     0 | D:1      | wvc set off with: a +2 leather armour, the Grimoire of Darkness, the Guide on Poisoning, a +0 dagger, a bread ration
     0 | D:1      | Reached XP level 1. HP: 15/15 MP: 1/1
     0 | D:1      | Identified the Grimoire of Darkness
     0 | D:1      | Identified the Guide on Poisoning
   185 | D:1      | Reached XP level 2. HP: 19/21 MP: 2/2
   772 | D:1      | Reached XP level 3. HP: 18/26 MP: 3/3
  1005 | D:1      | Reached skill level 3 in Dodging
  1224 | D:2      | Reached skill level 1 in Maces & Flails
  1374 | D:2      | Found a deep blue altar of Sif Muna.
  1547 | D:2      | Slain by a gnoll

Vault maps used:
D:1:      mrwooster_arrival_statue, moated_statue
D:2:      lemuel_blue_sif_altar, st_stairs_12, feat_on_display

Action                   || total
-------------------------++-------
Melee: Dagger            ||   148
       Rapier            ||    19
       Mace              ||    13
  Use: Scroll            ||     3
 Stab: Sleeping          ||     3
  Eat: Meat ration       ||     1
